 Dungeon Crawl Stone Soup version 0.30.1-4-g462c640d31 (webtiles) character file.

Game seed: 3667145040904063237

3490 HagarQim the Spear-Bearer (level 9, 0/123 HPs)
             Began as a Minotaur Fighter on Sept 8, 2023.
             Was an Initiate of Gozag.
             Slain by a rust devil (2 damage)
             ... summoned by an orc high priest
             ... in a bailey.
             The game lasted 00:18:31 (4002 turns).

HagarQim the Spear-Bearer (Minotaur Fighter)        Turns: 4002, Time: 00:18:33

Health: 0/123      AC: 13    Str: 26    XL:     9   Next: 80%
Magic:  2/2        EV: 10    Int:  5    God:    Gozag
Gold:   405        SH: 13    Dex:  9    Spells: 8/8 levels left

rFire   + + .        s - +6 trident of Woalo {antimagic, rC+}
rCold   + + .        q - +4 kite shield of the Unseen Realm {rElec Will+}
rNeg    . . .        D - +4 scale mail
rPois   +            (helmet restricted)
rElec   +            y - +0 cloak
rCorr   +            (no gloves)
SInv    .            u - +2 pair of boots
Will    +....        g - amulet of regeneration Stlth
                     A - ring of protection from fire
HPRegen 1.20/turn    (no ring)
MPRegen 0.08/turn

%: no passive effects
@: mighty, berserking, resistant, corroded, hasted, studying Maces & Flails,
very quick
A: horns 2, retaliatory headbutt, high MP 1, wild magic 1, inability to read
after injury 1
a: Renounce Religion, Potion Petition, Call Merchant, Bribe Branch


You were in a bailey.
You worshipped Gozag.
Gozag was aware of your devotion.
You visited 2 branches of the dungeon, and saw 9 of its levels.
You also visited: Bailey.

You collected 866 gold pieces.
You paid 461 gold pieces to Gozag.

Inventory:

Hand Weapons
 h - a +2 vampiric hand axe
 l - a +4 trident of chaos
 m - a +4 halberd
 s - the +6 trident of Woalo (weapon) {antimagic, rC+}
   (You found it on level 2 of the Dungeon)

   rC:        It protects you from cold.
Missiles
 a - a curare-tipped dart (quivered)
 b - 3 poisoned darts
Armour
 q - the +4 kite shield of the Unseen Realm (worn) {rElec Will+}
   (You took it off a gnoll sergeant on level 5 of the Dungeon)

   rElec:     It insulates you from electricity.
   Will:      It increases your willpower.
 u - a +2 pair of boots (worn)
 w - a scarf of harm
 y - a +0 cloak (worn)
 D - a +4 scale mail (worn)
Jewellery
 c - an amulet of reflection
 g - an amulet of regeneration (around neck)
 j - a +5 ring of evasion
 A - a ring of protection from fire (left hand)
Wands
 x - a wand of acid (9)
 E - a wand of paralysis (2)
Scrolls
 d - 2 scrolls of enchant weapon
 t - 2 scrolls of teleportation
Potions
 f - a potion of curing
 o - 2 potions of brilliance


   Skills:
 * Level 8.5 Fighting
 + Level 4.7(7.8) Axes
 + Level 1.5(3.4) Maces & Flails
 + Level 9.4(9.9) Polearms
 + Level 0.6 Throwing
 + Level 8.4 Armour
 + Level 2.5 Dodging
 + Level 0.7 Stealth
 + Level 7.2 Shields
 + Level 1.0 Evocations


You had 8 spell levels left.
You didn't know any spells.
Your spell library contained the following spells:

 Spells                   Type           Power      Damage    Failure   Level
 Hailstorm                Conj/Ice       0%         3d3       100%        3
 Ignite Poison            Fire/Tmut/Pois 0%         N/A       100%        3
 Ice Form                 Ice/Tmut       0%         N/A       100%        4
 Sticky Flame             Conj/Fire      0%         2d3       100%        4
 Ignition                 Fire           0%         3d3       100%        8
 Simulacrum               Ice/Necr       Unusable   N/A       N/A         6

Dungeon Overview and Level Annotations

Branches:
Dungeon (9/15)             Temple (1/1) D:4          Bailey (1/1)
   Lair: D:8-11         Orc: D:9-12

Altars:
Ashenzari
Elyvilon
Gozag
Hepliaklqana
Kikubaaqudgha
Makhleb
Nemelex Xobeh
Okawaru
Qazlal
Ru
Trog
Vehumet
Wu Jian
Xom
Yredelemnul
Zin


Innate Abilities, Weirdness & Mutations

You have a pair of horns on your head.
You reflexively headbutt those who attack you in melee.
You have an increased reservoir of magic. (+10% MP)
Your spells are a little harder to cast, but a little more powerful.
You occasionally lose the ability to read scrolls when taking damage.


Message History

The orc warrior hits you with a +0 war axe.
* * * LOW HITPOINT WARNING * * *
Reach: s) +6 trident of Woalo {antimagic, rC+}
Press: ? - help, Dir - move target, f/p - orc high priest
Aim: an orc high priest, wielding a +3 war axe and wearing a +0 scale mail (about 34% to evade the +6 trident of Woalo)
The sun demon is in the way.
You puncture the sun demon! You headbutt the sun demon.
You kill the sun demon!
The sun demon disappears in a puff of smoke!
You block the orange demon's attack.
Reach: s) +6 trident of Woalo {antimagic, rC+}
Press: ? - help, Dir - move target, f/p - orc high priest
Aim: an orc high priest, wielding a +3 war axe and wearing a +0 scale mail (about 34% to evade the +6 trident of Woalo)
You reach to attack!
You puncture the orc high priest!
The orc high priest is lightly wounded.
You block the orc warrior's attack.
The orc high priest mumbles some strange prayers to Beogh.
You block the rust devil's attack. The orange demon stings you from afar!
* * * LOW HITPOINT WARNING * * *
You puncture the rust devil! You headbutt the rust devil!
The rust devil is heavily wounded.
You block the orc warrior's attack. The rust devil hits you.
* * * LOW HITPOINT WARNING * * *
The rust devil corrodes you! The orange demon barely misses you.
It was a potion of mutation.
You feel extremely strange.
You occasionally lose the ability to read scrolls when taking damage.
You feel less in control of your magic.
You feel more energetic.
The orange demon disappears in a puff of smoke!
The orc warrior misses you. You block the rust devil's attack.
It was a potion of haste.
You feel yourself speed up.
The orc warrior hits you with a +0 war axe.
* * * LOW HITPOINT WARNING * * *
You block the rust devil's attack.
It was a potion of berserk rage.
A red film seems to cover your vision as you go berserk!
You feel yourself moving faster!
You feel mighty! You block the orange demon's attack.
The orc warrior misses you. The rust devil hits you.
You die...
Your body crumbles into a pile of gold.

#≈≈≈≈≈#...)'.....#)......# #≈
#≈≈≈≈≈#....#.....).8.8.8.# #≈
#≈≈≈≈≈#)##############...######≈
#≈≈≈≈≈~)#))+ ....#......#.~≈
#≈≈≈≈≈~.#))# ....#...)..#.~≈
#≈≈≈≈≈~.#..# ....#####''#.~≈
#≈≈≈≈≈~.#########....##.....#.~≈
#≈≈≈≈≈~.#..8.8..#g...##....)'...
#≈≈≈≈≈~∩.......@44_..##..⌠.)'...
#≈≈≈≈≈~.#..8.8.o#o4..##.....'...
#≈≈≈≈≈~.#########g...##.....#.~≈
#≈≈≈≈≈~.# ....#####++#.~≈
#≈≈≈≈≈~.# ....# #.~≈ #≈≈≈≈≈~.#.
....# #.~≈ #≈≈≈≈≈#.## ##### ###≈
#≈≈≈≈≈#.. #≈ #≈


You could see an orc high priest, an orange demon (summoned), 2 rust devils, an
orc warrior and a hobgoblin.

Vanquished Creatures
  An orc high priest (Bailey)
  The ghost of Quickbrownfox the Conjurer, a novice DsCj (D:5)
  Prince Ribbit (D:6)
  Sigmund (D:2)
  Eustachio (D:5)
  A sky beast (D:5)
  7 orc warriors (Bailey)
  A black bear (D:5)
  An ogre (D:5)
  A kobold brigand (D:6)
  3 bullfrogs
  3 scorpions
  2 gnoll sergeants (D:5)
  2 electric eels (Bailey)
  An orc priest (D:4)
  5 hounds
  A gnoll bouda (D:5)
  An iron imp (D:5)
  Jessica (D:3)
  2 iguanas
  Terence (D:3)
  7 adders
  13 gnolls
  A shadow imp (D:5)
  A worm (D:2)
  4 dart slugs
  7 orcs
  6 bats
  5 endoplasms
  2 giant cockroaches
  14 goblins
  5 hobgoblins
  4 quokkas
  7 ball pythons
  5 frilled lizards
  9 kobolds
  4 rats
132 creatures vanquished.

Vanquished Creatures (others)
  A human (D:4)
1 creature vanquished.

Grand Total: 133 creatures vanquished

Notes
Turn   | Place    | Note
-------+----------+-------------------------------------------
     0 | D:1      | HagarQim the Minotaur Fighter began the quest for the Orb.
     0 | D:1      | Reached XP level 1. HP: 19/19 MP: 0/0
   139 | D:1      | Reached XP level 2. HP: 27/27 MP: 1/1
   588 | D:2      | Noticed Sigmund
   599 | D:2      | Killed Sigmund
   600 | D:2      | Reached XP level 3. HP: 34/34 MP: 2/2
   600 | D:2      | Reached XP level 4. HP: 41/41 MP: 3/3
   600 | D:2      | Reached XP level 5. HP: 47/47 MP: 4/4
   692 | D:2      | Reached skill level 5 in Armour
   996 | D:2      | Reached XP level 6. HP: 55/55 MP: 5/5
  1022 | D:2      | Identified the +6 trident of Woalo {antimagic, rC+}
  1411 | D:3      | Found an ornate altar of the Wu Jian Council.
  1462 | D:3      | Noticed Terence
  1468 | D:3      | Killed Terence
  1669 | D:3      | Found a faded altar of an unknown god.
  1837 | D:3      | Noticed Jessica
  1842 | D:3      | Killed Jessica
  1843 | D:3      | Reached skill level 1 in Maces & Flails
  1843 | D:3      | Reached skill level 1 in Polearms
  2045 | D:4      | Reached skill level 5 in Fighting
  2077 | D:4      | Found an ancient bone altar of Kikubaaqudgha.
  2080 | D:4      | Noticed a human
  2081 | D:4      | Killed a human
  2205 | D:4      | Reached skill level 5 in Shields
  2367 | D:4      | Reached skill level 2 in Polearms
  2442 | D:4      | Reached XP level 7. HP: 61/61 MP: 2/6
  2450 | D:4      | Found a staircase to the Ecumenical Temple.
  2458 | Temple   | Entered the Ecumenical Temple
  2746 | Temple   | Became a worshipper of Gozag Ym Sagoz the Greedy
  2871 | D:5      | Entered Level 5 of the Dungeon
  2886 | D:5      | Noticed Eustachio
  2893 | D:5      | Killed Eustachio
  2894 | D:5      | Reached skill level 3 in Polearms
  2925 | D:5      | Reached skill level 4 in Polearms
  2959 | D:5      | Reached skill level 1 in Dodging
  3061 | D:5      | Reached skill level 5 in Polearms
  3061 | D:5      | Reached XP level 8. HP: 70/70 MP: 2/7
  3138 | D:5      | Identified the +4 kite shield of the Unseen Realm {rElec
                  | Will+}
  3181 | D:5      | Found a transporter.
  3223 | D:5      | Found a transporter.
  3347 | D:5      | Found a burning altar of Makhleb.
  3461 | D:5      | Noticed Quickbrownfox's ghost (novice DsCj)
  3466 | D:5      | Killed Quickbrownfox's ghost
  3467 | D:5      | Reached skill level 6 in Polearms
  3500 | D:5      | Paralysed by a gnoll for 3 turns
  3627 | D:6      | Noticed Prince Ribbit
  3637 | D:6      | Killed Prince Ribbit
  3662 | D:6      | Reached XP level 9. HP: 79/79 MP: 2/8
  3720 | D:6      | Reached skill level 7 in Polearms
  3749 | D:6      | You fall into a shaft and drop 3 floors!
  3790 | D:8      | Found a flagged portal.
  3801 | Bailey   | Entered a bailey
  3876 | Bailey   | Reached skill level 8 in Polearms
  3913 | Bailey   | Noticed an orc high priest
  3917 | Bailey   | Noticed an ice devil
  3921 | Bailey   | Killed an orc high priest
  3922 | Bailey   | Reached skill level 9 in Polearms
  3922 | Bailey   | Reached skill level 1 in Evocations
  3983 | Bailey   | Found an iron altar of Okawaru.
  3983 | Bailey   | Noticed an orc high priest
  3986 | Bailey   | Noticed an orange demon
  3986 | Bailey   | Noticed a sun demon
  3991 | Bailey   | Noticed a rust devil
  3999 | Bailey   | Noticed an orange demon
  3999 | Bailey   | HP: 1/82 [rust devil[an orc high priest] (5)]
  4000 | Bailey   | Gained mutation: You occasionally lose the ability to read
                  | scrolls when taking damage. [potion of mutation]
  4000 | Bailey   | Gained mutation: Your spells are a little harder to cast,
                  | but a little more powerful. [potion of mutation]
  4000 | Bailey   | Gained mutation: You have an increased reservoir of magic.
                  | (+10% MP) [potion of mutation]
  4002 | Bailey   | Noticed a rust devil
  4002 | Bailey   | Slain by a rust devil

Illustrated notes

Levels and vault maps discovered:
D:1:      eino_arrival_water_cross, layout_basic
D:2:      layout_loops_ring, uniq_sigmund
D:3:      layout_basic, mainiacjoe_overflow_six_doors_small,
          shapermc_ecumenical_altar_mp_urbaneastern, uniq_jessica, uniq_terence
D:4:      layout_basic, tgw_kikubaaqudgha, temple_statues
D:5:      layout_rooms, makhleb_grotto_becter, gammafunk_ghost_gnarly_gnolls,
          uniq_eustachio
D:6:      layout_rooms, nicolae_tso_carved_into_rock, uniq_prince_ribbit1,
          uniq_duvessa
D:8:      layout_rooms, mainiacjoe_overflow_chevrons, lemuel_round_altar,
          enter_bailey_3
D:9:      layout_loops_ring, fedhas_bush_and_centaur_altar,
          minmay_statue_bubble, uniq_harold
Temple:   compressed_dpeg_triangle_lava_temple
Bailey:   bailey_axe_of_yendor_kennysheep, bailey

Skill      XL: |  1  2  3  4  5  6  7  8  9 |
---------------+----------------------------+-----
Armour         | 4 5 6 7 8 |  8.4
Fighting       | 4 5 7 8 |  8.5
Shields        | 4 5 6 7 |  7.2
Axes           | 4 |  4.7
Maces & Flails | 1 |  1.5
Polearms       | 2 5 6 9 |  9.4
Dodging        | 1 2 |  2.5
Evocations     | 1 |  1.0
Throwing       | |  0.6
Stealth        | |  0.7

Action                     |  1- 3 |  4- 6 |  7- 9 || total
---------------------------+-------+-------+-------++-------
  Melee: War axe           |    32 |       |       ||    32
         Headbutt          |     4 |    13 |    22 ||    39
         Whip              |    10 |    18 |       ||    28
         Halberd           |       |    21 |       ||    21
         Trident           |       |    51 |   219 ||   270
  Throw: Boomerang         |       |     4 |     1 ||     5
 Invoke: Potion Petition   |       |       |     1 ||     1
  Evoke: Wand              |       |       |     3 ||     3
    Use: Potion            |     1 |       |     8 ||     9
         Scroll            |       |     6 |     6 ||    12
 Armour: Scale mail        |    13 |    22 |    30 ||    65
         Chain mail        |       |       |    61 ||    61
  Dodge: Dodged            |    11 |    29 |    65 ||   105
  Block: Buckler           |     4 |    15 |    28 ||    47
         Kite shield       |       |       |    58 ||    58
